 Dungeon Crawl Stone Soup version 0.24-a0-189-g5d897e9 (webtiles) character file.

Game seed: 8243061388800095473

175510 MisterFreud the Warrior (level 17, -7/170 HPs)
             Began as a Minotaur Fighter on Mar 17, 2019.
             Was the Champion of Nemelex Xobeh.
             Mangled by a seven-headed hydra (12 damage)
             ... on level 4 of the Swamp.
             The game lasted 01:31:29 (28237 turns).

MisterFreud the Warrior (Minotaur Fighter)         Turns: 28237, Time: 01:31:29

Health: -7/170     AC: 25    Str: 32    XL:     17   Next: 47%
Magic:  23/23      EV: 10    Int:  5    God:    Nemelex Xobeh [******]
Gold:   2236       SH: 16    Dex:  9    Spells: 16/16 levels left

rFire    + + .     SeeInvis +   I - +7 Singing Sword {slice, sonic wave}
rCold    + + .     Gourm    .   c - +1 shield
rNeg     + + .     Faith    .   u - +0 ice dragon scales
rPois    .         Spirit   .   p - +1 hat "Atsuet" {*Contam rF+++ SInv}
rElec    .         Reflect  .   n - +1 cloak "Xunwirgh" {rN+}
rCorr    .         Harm     .   C - +1 pair of gloves
MR       +....                  U - +1 pair of boots
Stlth    ..........             (no amulet)
HPRegen  0.38/turn              V - ring of positive energy
MPRegen  0.18/turn              o - +3 ring of strength

@: about to teleport, very slow
A: retaliatory headbutt, horns 2
a: Draw Escape, Draw Destruction, Draw Summoning, Triple Draw, Deal Four, Stack
Five, Renounce Religion


You were on level 4 of the Swamp.
You worshipped Nemelex Xobeh.
Nemelex Xobeh was exalted by your worship.
You were not hungry.

You visited 5 branches of the dungeon, and saw 28 of its levels.
You also visited: Gauntlet and Ice Cave.

You collected 2530 gold pieces.
You spent 294 gold pieces at shops.

Inventory:

Hand Weapons
 a - a +1 trident
 I - the +7 Singing Sword (weapon) {slice, sonic wave}
   (You took it off an orc wizard on level 4 of the Dungeon)

   It inflicts extra damage upon your enemies.
Missiles
 j - 7 javelins of penetration (quivered)
 A - 16 poisoned javelins
 N - 6 javelins
Armour
 c - a +1 shield (worn)
 n - the +1 cloak "Xunwirgh" (worn) {rN+}
   (You bought it in a shop on level 2 of the Orcish Mines)

   It protects you from negative energy.
 p - the +1 hat "Atsuet" (worn) {*Contam rF+++ SInv}
   (You found it in a Gauntlet)

   It renders you almost immune to fire.
   It lets you see invisible.
   It causes magical contamination when unequipped.
 u - +0 ice dragon scales (worn)
 C - a +1 pair of gloves (worn)
 U - a +1 pair of boots (worn)
Jewellery
 o - a +3 ring of strength (right hand)
 T - an uncursed ring of positive energy
 V - a ring of positive energy (left hand)
Wands
 q - a wand of scattershot (11)
 F - a wand of paralysis (8)
 J - a wand of digging (9)
 K - a wand of polymorph (10)
 L - a wand of flame (27)
 O - a wand of enslavement (9)
 R - a wand of acid (6)
 S - a wand of iceblast (22)
Scrolls
 e - a scroll of brand weapon {unknown}
 l - 7 scrolls of teleportation
 m - 2 scrolls of fog
 s - 7 scrolls of amnesia
 w - 7 scrolls of enchant armour
 y - 14 scrolls of remove curse
 z - 2 scrolls of enchant weapon
 B - 5 scrolls of magic mapping
 D - 4 scrolls of summoning
 W - 7 scrolls of identify
 Y - a scroll of blinking
Potions
 b - a potion of heal wounds
 d - 5 potions of might
 h - 3 potions of berserk rage
 i - 2 potions of resistance
 k - 6 potions of flight
 r - 2 potions of magic
 t - a potion of cancellation
 v - 2 potions of mutation
 E - a potion of curing
 G - 5 potions of agility
 H - 2 potions of brilliance
 M - 2 potions of ambrosia
 P - 3 potions of haste
 Z - 3 potions of invisibility
Miscellaneous
 Q - 2 phantom mirrors
Comestibles
 f - 46 rations
 g - 8 chunks of flesh


   Skills:
 - Level 20.0 Fighting
 - Level 16.0 Long Blades
 - Level 8.3 Polearms
 + Level 17.9 Armour
 - Level 15.0 Shields
 - Level 10.0 Invocations


You had 16 spell levels left.
You didn't know any spells.
Your spell library contained the following spells:

 Spells                   Type           Power        Failure   Level  Hunger
 Animate Skeleton         Necr           N/A          65%         1    ##.....
 Apportation              Tloc           #.....       65%         1    ##.....
 Confusing Touch          Hex            #.....       65%         1    ##.....
 Corona                   Hex            #......      65%         1    ##.....
 Magic Dart               Conj           #...         65%         1    ##.....
 Sandblast                Erth           #.....       65%         1    ##.....
 Shock                    Conj/Air       #...         65%         1    ##.....
 Summon Butterflies       Summ           #.......     65%         1    ##.....
 Summon Small Mammal      Summ           #...         65%         1    ##.....
 Blink                    Tloc           N/A          80%         2    ###....
 Ensorcelled Hibernation  Hex/Ice        #.....       80%         2    ###....
 Passwall                 Tmut/Erth      #.......     80%         2    ###....
 Searing Ray              Conj           #.....       80%         2    ###....
 Shroud of Golubria       Chrm/Tloc      #.........   80%         2    ###....
 Swiftness                Chrm/Air       #.......     80%         2    ###....
 Call Canine Familiar     Summ           #.......     95%         3    ####...
 Confuse                  Hex            #.......     95%         3    ####...
 Dazzling Spray           Conj/Hex       #.....       95%         3    ####...
 Gell's Gravitas          Tloc           #.........   95%         3    ####...
 Lesser Beckoning         Tloc           #.........   95%         3    ####...
 Recall                   Summ/Tloc      N/A          95%         3    ####...
 Static Discharge         Conj/Air       #.......     95%         3    ####...
 Stone Arrow              Conj/Erth      #.....       95%         3    ####...
 Teleport Other           Tloc           #.......     95%         3    ####...
 Tukima's Dance           Hex            #.......     95%         3    ####...
 Airstrike                Air            #.........   100%        4    #####..
 Force Lance              Conj/Tloc      #.......     100%        4    #####..
 Fulminant Prism          Conj/Hex       #.........   100%        4    #####..
 Ice Form                 Ice/Tmut       #.......     100%        4    #####..
 Iskenderun's Mystic Bla  Conj           #.......     100%        4    #####..
 Leda's Liquefaction      Hex/Erth       #.........   100%        4    #####..
 Passage of Golubria      Tloc           N/A          100%        4    #####..
 Summon Ice Beast         Ice/Summ       #.......     100%        4    #####..
 Aura of Abjuration       Summ           #.........   100%        5    ######.
 Irradiate                Conj/Tmut      #.........   100%        5    ######.
 Lightning Bolt           Conj/Air       #.........   100%        5    ######.
 Metabolic Englaciation   Hex/Ice        #.........   100%        5    ######.
 Summon Demon             Summ           #.........   100%        5    ######.
 Summon Forest            Summ/Tloc      #.........   100%        5    ######.
 Summon Mana Viper        Hex/Summ       #.......     100%        5    ######.
 Yara's Violent Unravell  Hex/Tmut       #.........   100%        5    ######.
 Bolt of Cold             Conj/Ice       #.........   100%        6    #######
 Freezing Cloud           Conj/Ice/Air   #.........   100%        6    #######
 Hydra Form               Tmut           #.........   100%        6    #######
 Iron Shot                Conj/Erth      #.........   100%        6    #######
 Ozocubu's Refrigeration  Ice            #.........   100%        6    #######
 Shadow Creatures         Summ           N/A          100%        6    #######
 Simulacrum               Ice/Necr       #.........   100%        6    #######
 Statue Form              Tmut/Erth      #........    100%        6    #######
 Dragon Form              Tmut           #.........   100%        7    #######
 Summon Hydra             Summ           #.........   100%        7    #######


Dungeon Overview and Level Annotations

Branches:
Dungeon (15/15)            Temple (0/1) D:4            Lair (6/6) D:9
  Swamp (4/4) Lair:2        Snake (1/4) Lair:4        Slime (0/5) Lair:6
    Orc (2/2) D:10            Elf (0/3) Orc:2        Vaults (0/5) D:14
 Depths (0/5) D:15

Altars:
Ashenzari
Dithmenos
Elyvilon
Gozag
Hepliaklqana
Kikubaaqudgha
Makhleb
Nemelex Xobeh
Okawaru
Ru
Sif Muna
Trog
Uskayaw
Vehumet
Yredelemnul
Zin
Beogh
Jiyva

Shops:
D:5 (   D:12 *   Orc:2 %(}[

Annotations:
Lair:2 3 runed translucent doors, Miucotz's ghost, journeyman TrMo; Suelorphy's ghost, journeyman NaGl
Lair:4 exclusion: 4 oklob plants
Lair:5 3 runed translucent doors, Dudiycywn's ghost, journeyman HaGl
Lair:6 exclusion: oklob plant
Snake:1 asterion!, Asterion


Innate Abilities, Weirdness & Mutations

You reflexively headbutt those who attack you in melee.
You have a pair of horns on your head.


Message History

The seven-headed hydra bites you!
* * * LOW HITPOINT WARNING * * *
The seven-headed hydra closely misses you.
The seven-headed hydra bites you but does no damage.
The seven-headed hydra closely misses you.
The seven-headed hydra bites you but does no damage.
You feel better.
The seven-headed hydra closely misses you.
The seven-headed hydra bites you but does no damage. x2
You block the seven-headed hydra's attack.
The seven-headed hydra bites you but does no damage.
You block the seven-headed hydra's attack.
The seven-headed hydra barely misses you.
Unknown command.
As you read the scroll of teleportation, it crumbles to dust.
You feel strangely unstable. The seven-headed hydra bites you.
* * * LOW HITPOINT WARNING * * *
The seven-headed hydra bites you!
You die...
Your body glows with a rainbow of weird colours and disappears.

♣≈≈...≈≈≈.≈§...
♣♣......≈......
♣♣..........≈...
####
♣...≈≈..≈.≈≈.≈≈.
≈≈.≈#
♣♣♣.≈..≈.≈.≈≈≈≈.
..≈..#
♣♣..≈...≈≈...≈
#≈≈.####
♣♣.≈.≈...≈≈≈≈
#......##
♣....≈..≈≈≈≈ #≈
##≈§#@≈≈#
♣......≈≈≈≈≈ #..
#..##D.#
♣.≈...≈≈≈≈≈≈
#≈.# #≈§#...#
♣♣...≈.≈≈≈..
#≈≈# #≈.##≈.##
♣≈≈....≈≈≈≈.
#≈≈#####≈D# #≈.♣
♣.....≈≈≈≈≈≈
#..♣≈.≈.# ≈≈.#
♣.≈.≈≈.≈≈≈≈≈
#≈...≈# ≈§..♣
♣.≈.≈≈♣≈≈≈≈≈
#.≈D# §≈...≈
♣♣≈..♣♣♣...≈
#.≈D# ##...≈♣
♣..≈≈≈♣♣♣♣.≈


You could see a seven-headed hydra.

Vanquished Creatures
  Rupert (Lair:5)
  Kirke (Swamp:1)
  2 thorn hunters (Swamp:4)
  Roxanne (Swamp:1)
  A tengu reaver (D:15)
  A fire giant (D:15)
  Aizul (Swamp:1)
  A frost giant (D:15)
  A minotaur (Gauntlet)
  A death ooze (Gauntlet)
  2 fire dragons
  8 vault guards (D:14)
  A shambling mangrove (Swamp:3)
  An ice dragon (D:15)
  2 ghost crabs (Swamp:1)
  A yaktaur captain (D:15)
  21 hydras
  A merfolk avatar (Lair:6)
  7 centaur warriors
  15 death yaks
  2 death knights
  11 alligators
  5 two-headed ogres
  Urug (D:13)
  A deep troll earth mage (D:15)
  3 orc high priests (Orc:2)
  5 skeletal warriors (D:13)
  A deep elf knight (D:15)
  4 sea snakes (Lair:6)
  A spriggan druid (Swamp:3)
  2 unseen horrors
  7 swamp dragons
  2 flayed ghosts (D:15)
  A wizard (D:13)
  A necromancer (Gauntlet)
  3 deep elf magi
  6 orc knights
  12 ugly things
  A faun (shapeshifter) (D:15)
  5 cyclopes
  4 orc sorcerers
  2 wolf spiders (D:15)
  6 manticores
  A moth of wrath (shapeshifter) (D:15)
  Joseph (D:10)
  13 elephants
  Maurice (D:10)
  7 black mambas
  22 spiny frogs
  A gargoyle (D:15)
  10 rime drakes
  9 komodo dragons
  An efreet (D:13)
  3 kobold demonologists
  A freezing wraith (D:15)
  2 yaktaurs (D:15)
  A harpy zombie (D:15)
  3 meliai (Lair:6)
  3 polar bears (Lair:6)
  13 tyrant leeches
  A queen bee (Lair:6)
  8 trolls
  7 hornets
  A wind drake (Lair:6)
  5 slime creatures
  10 bog bodies
  20 blink frogs
  Grinder (D:3)
  20 dream sheep
  9 hippogriffs
  A centaur simulacrum (D:15)
  2 wraiths (D:15)
  4 shadows
  2 spriggans (Swamp:3)
  6 wyverns
  48 yaks
  A vampire (D:9)
  A steam dragon (D:14)
  2 basilisks (Lair:1)
  3 hungry ghosts
  3 hogs (Swamp:1)
  2 humans (Swamp:1)
  25 vampire mosquitoes
  5 wargs
  10 insubstantial wisps
  14 swamp worms
  5 nagas (Lair:4)
  2 acid dragons
  11 water moccasins
  12 porcupines
  A soldier ant (D:10)
  Duvessa (D:5)
  7 swamp drakes
  26 orc warriors
  5 sky beasts
  2 eyes of draining
  An ice beast (D:13)
  2 black bears
  2 necrophages
  3 phantoms
  10 ogres
  19 centaurs
  9 wolves
  22 crocodiles
  12 big kobolds
  24 bullfrogs
  5 gnoll sergeants (D:10)
  Dowan (D:5)
  2 wyvern skeletons
  10 scorpions
  17 killer bees
  8 wights
  6 electric eels
  10 howler monkeys
  5 crimson imps
  7 centaur zombies
  A quasit (D:14)
  21 orc priests
  7 hounds
  An iron imp (Swamp:4)
  3 bullfrog skeletons
  7 jellies
  4 centaur skeletons
  4 iguanas
  32 orc wizards
  11 worker ants
  A killer bee zombie (D:9)
  A hound zombie (D:6)
  2 hound skeletons
  10 gnolls
  16 adders
  6 shadow imps
  11 white imps (Lair:4)
  An ooze (D:1)
  An adder zombie (D:7)
  3 adder skeletons
  4 worms
  A dart slug (D:5)
  5 leopard geckos
  103 orcs
  11 bats
  7 giant cockroaches
  6 goblins
  5 hobgoblins
  9 jackals
  2 quokkas
  A ball python (D:1)
  10 frilled lizards
  20 kobolds
  4 rats
  7 briar patches (Swamp:4)
  22 fungi
  14 plants
1080 creatures vanquished.

Vanquished Creatures (collateral kills)
  A dire elephant (Lair:6)
  2 hydras
  Nergalle (Lair:4)
  A hippogriff (Lair:6)
  A water moccasin (Lair:4)
  A crimson imp (D:9)
  A white imp (Lair:4)
8 creatures vanquished.

Vanquished Creatures (others)
  A spriggan (Swamp:3)
  A swamp drake (Swamp:3)
  A ball lightning (D:4)
  An orc (D:4)
  A briar patch (Swamp:4)
  2 bushes (Lair:6)
  84 fungi
  56 plants
147 creatures vanquished.

Grand Total: 1235 creatures vanquished

Notes
Turn   | Place    | Note
-------+----------+-------------------------------------------
     0 | D:1      | MisterFreud the Minotaur Fighter began the quest for the
                  | Orb.
     0 | D:1      | Reached XP level 1. HP: 19/19 MP: 0/0
   177 | D:1      | Reached skill level 4 in Fighting
   222 | D:1      | Reached XP level 2. HP: 25/27 MP: 1/1
   689 | D:2      | Reached XP level 3. HP: 33/34 MP: 2/2
   806 | D:2      | Found a hide-covered altar of Uskayaw.
  1002 | D:2      | Found a sparkling altar of Nemelex Xobeh.
  1150 | D:2      | Became a worshipper of Nemelex Xobeh the Trickster
  1191 | D:2      | Received a gift from Nemelex Xobeh
  1348 | D:3      | Noticed a water moccasin
  1369 | D:3      | Killed a water moccasin
  1369 | D:3      | Reached skill level 5 in Fighting
  1369 | D:3      | Reached skill level 5 in Armour
  1369 | D:3      | Reached XP level 4. HP: 27/44 MP: 3/3
  1369 | D:3      | Reached XP level 5. HP: 31/50 MP: 4/4
  1503 | D:3      | Found a roughly hewn altar of Beogh.
  1817 | D:3      | Noticed Grinder
  1832 | D:3      | Killed Grinder
  1832 | D:3      | Reached skill level 6 in Fighting
  1832 | D:3      | Reached XP level 6. HP: 41/58 MP: 5/5
  2061 | D:3      | Reached skill level 5 in Polearms
  2117 | D:3      | Reached XP level 7. HP: 52/64 MP: 6/6
  2338 | D:3      | Reached * piety under Nemelex Xobeh
  2604 | D:4      | Received a gift from Nemelex Xobeh
  2757 | D:4      | Found a staircase to the Ecumenical Temple.
  3030 | D:4      | Reached skill level 1 in Long Blades
  3039 | D:4      | Reached XP level 8. HP: 65/71 MP: 7/7
  3301 | D:4      | Received a gift from Nemelex Xobeh
  3337 | D:5      | Entered Level 5 of the Dungeon
  3418 | D:5      | Found a bloodstained altar of Trog.
  3453 | D:5      | Reached ** piety under Nemelex Xobeh
  3475 | D:5      | Found a white marble altar of Elyvilon.
  3616 | D:5      | Noticed Duvessa
  3618 | D:5      | Noticed Dowan
  3620 | D:5      | Killed Duvessa
  3620 | D:5      | Reached skill level 5 in Shields
  3622 | D:5      | Killed Dowan
  3796 | D:5      | Found a basalt altar of Yredelemnul.
  3924 | D:5      | Found Xieli's Antique Weapon Shoppe.
  4020 | D:5      | Found a radiant altar of Vehumet.
  4024 | D:5      | Found an ancient bone altar of Kikubaaqudgha.
  4025 | D:5      | Found a deep blue altar of Sif Muna.
  4030 | D:5      | Identified Kikubaaqudgha's Grimoire of Dark Rites
  4156 | D:6      | Found a glowing silver altar of Zin.
  4164 | D:6      | Reached skill level 5 in Long Blades
  4198 | D:6      | Found a hazy altar of Hepliaklqana.
  4248 | D:6      | Reached XP level 9. HP: 72/78 MP: 8/8
  4300 | D:6      | Reached *** piety under Nemelex Xobeh
  4485 | D:6      | Found a burning altar of Makhleb.
  4745 | D:6      | Received a gift from Nemelex Xobeh
  5071 | D:7      | Reached skill level 10 in Long Blades
  5285 | D:7      | Received a gift from Nemelex Xobeh
  5286 | D:7      | Found a sacrificial altar of Ru.
  5507 | D:8      | Reached XP level 10. HP: 81/84 MP: 9/9
  5586 | D:9      | Noticed a cyclops
  5614 | D:9      | Killed a cyclops
  5618 | D:9      | Reached skill level 7 in Fighting
  5847 | D:9      | Found a staircase to the Lair.
  5911 | D:9      | Reached **** piety under Nemelex Xobeh
  5957 | D:9      | Received a gift from Nemelex Xobeh
  6094 | D:9      | Found an opulent altar of Gozag.
  6098 | D:9      | Found an iron altar of Okawaru.
  6385 | D:9      | Reached skill level 8 in Fighting
  6414 | D:9      | Noticed a two-headed hydra
  6419 | D:9      | Killed a three-headed hydra
  6419 | D:9      | Reached XP level 11. HP: 75/95 MP: 10/10
  6489 | Lair:1   | Entered Level 1 of the Lair of Beasts
  6816 | Lair:1   | Noticed an eight-headed hydra
  6823 | Lair:1   | Killed a nine-headed hydra
  6888 | Lair:1   | Reached skill level 9 in Fighting
  7189 | Lair:2   | Found a staircase to the Swamp.
  7190 | Lair:2   | Found a runed translucent gate.
  7190 | Lair:2   | Found a runed translucent gate.
  7191 | Lair:2   | Found a runed translucent gate.
  7194 | Lair:2   | Noticed Suelorphy's ghost (journeyman NaGl)
  7194 | Lair:2   | Noticed Miucotz's ghost (journeyman TrMo)
  7309 | Lair:2   | Noticed a swamp dragon
  7309 | Lair:2   | an elephant changed into a swamp dragon
  7321 | Lair:2   | Reached skill level 10 in Fighting
  7321 | Lair:2   | Reached skill level 10 in Armour
  7327 | Lair:2   | Reached skill level 10 in Shields
  7330 | Lair:2   | Killed a swamp dragon
  7680 | Lair:2   | Reached ***** piety under Nemelex Xobeh
  7824 | Lair:2   | Reached XP level 12. HP: 106/106 MP: 11/11
  7893 | Lair:2   | Noticed an eight-headed hydra
  7904 | Lair:2   | HP: 3/106 [eight-headed hydra (4)]
  7906 | Lair:2   | Killed an eight-headed hydra
  8502 | Lair:2   | Received a gift from Nemelex Xobeh
  8827 | Lair:3   | Got a pitted falchion
  8828 | Lair:3   | Identified the +8 falchion "Arcanum" {slice, rC+} (You
                  | found it on level 3 of the Lair of Beasts)
  8906 | Lair:3   | Received a gift from Nemelex Xobeh
  8964 | Lair:3   | Reached skill level 15 in Long Blades
  9040 | Lair:3   | Noticed a four-headed hydra
  9051 | Lair:3   | Killed a four-headed hydra
  9158 | Lair:3   | Noticed an eight-headed hydra
  9166 | Lair:3   | Killed an eight-headed hydra
  9682 | Lair:4   | Noticed Nergalle
  9690 | Lair:4   | Killed Nergalle
  9707 | Lair:4   | Reached XP level 13. HP: 76/113 MP: 12/12
  9978 | Lair:4   | Received a gift from Nemelex Xobeh
 10009 | Lair:4   | Found a frozen archway.
 10022 | IceCv    | Entered an ice cave
 10239 | Lair:4   | Found a staircase to the Snake Pit.
 10403 | Lair:4   | Received a gift from Nemelex Xobeh
 10624 | Lair:5   | Received a gift from Nemelex Xobeh
 10685 | Lair:5   | Noticed Rupert
 10698 | Lair:5   | Paralysed by Rupert for 2 turns
 10707 | Lair:5   | You fall through a shaft!
 10707 | Lair:6   | Entered Level 6 of the Lair of Beasts
 11193 | Lair:6   | Reached skill level 15 in Shields
 11268 | Lair:6   | Received a gift from Nemelex Xobeh
 11309 | Lair:6   | Reached skill level 1 in Invocations
 11770 | Lair:6   | Reached skill level 5 in Invocations
 11803 | Lair:6   | Paralysed by a hornet for 2 turns
 11865 | Lair:6   | Noticed a dire elephant
 11959 | Lair:6   | Killed a dire elephant
 12381 | Lair:6   | Found a staircase to the Slime Pits.
 12399 | Lair:5   | Received a gift from Nemelex Xobeh
 12508 | Lair:5   | Found a runed translucent gate.
 12508 | Lair:5   | Found a runed translucent gate.
 12508 | Lair:5   | Found a runed translucent gate.
 12510 | Lair:5   | Found a viscous altar of Jiyva.
 12510 | Lair:5   | Noticed a death ooze
 12511 | Lair:5   | Noticed Dudiycywn's ghost (journeyman HaGl)
 12562 | Lair:5   | Received a gift from Nemelex Xobeh
 12563 | Lair:5   | Reached ****** piety under Nemelex Xobeh
 12911 | Lair:5   | Killed Rupert
 13092 | Lair:6   | Reached XP level 14. HP: 121/121 MP: 18/20
 13105 | Lair:6   | Reached skill level 10 in Invocations
 13391 | Lair:6   | Reached skill level 11 in Fighting
 14224 | Lair:6   | Found a viscous altar of Jiyva.
 14227 | Lair:6   | Received a gift from Nemelex Xobeh
 14534 | D:10     | Entered Level 10 of the Dungeon
 14618 | D:10     | Noticed Joseph
 14627 | D:10     | Killed Joseph
 14800 | D:10     | Found a staircase to the Orcish Mines.
 14859 | D:10     | Noticed Maurice
 14866 | D:10     | Killed Maurice
 15233 | D:11     | Received a gift from Nemelex Xobeh
 15279 | D:11     | Reached skill level 12 in Fighting
 15314 | D:11     | Found a gate leading to a gauntlet.
 15323 | Gauntlet | Entered a Gauntlet
 15323 | Gauntlet | Found a transporter.
 15323 | Gauntlet | Found a transporter.
 15323 | Gauntlet | Found a transporter.
 15323 | Gauntlet | Found a runed translucent gate.
 15347 | Gauntlet | Found a transporter.
 15361 | Gauntlet | Found a transporter.
 15364 | Gauntlet | Found a transporter.
 15376 | Gauntlet | Found a transporter.
 15391 | Gauntlet | Found a transporter.
 15398 | Gauntlet | Found a transporter.
 15401 | Gauntlet | Found a transporter.
 15418 | Gauntlet | Found a transporter.
 15421 | Gauntlet | Found a transporter.
 15423 | Gauntlet | Found a runed translucent gate.
 15423 | Gauntlet | Found a runed translucent gate.
 15522 | Gauntlet | Paralysed by a hornet for 1 turns
 15541 | Gauntlet | Got a warped mace
 15692 | Gauntlet | Got a distressingly furry hat
 15698 | Gauntlet | Identified the +1 hat "Atsuet" {*Contam rF+++ SInv} (You
                  | found it in a Gauntlet)
 15741 | Gauntlet | Identified the Almanac of Execration
 15889 | D:11     | Received a gift from Nemelex Xobeh
 16024 | D:11     | Identified the +3 mace "Xoligaf" {drain, MP+9 Dex+3} (You
                  | found it in a Gauntlet)
 16397 | D:12     | Found a shattered altar of Ashenzari.
 16483 | D:12     | Found Zeygel's General Store.
 16845 | D:13     | Received a gift from Nemelex Xobeh
 16867 | D:13     | Reached skill level 13 in Fighting
 16887 | D:13     | Reached XP level 15. HP: 56/135 MP: 21/21
 17213 | D:13     | Noticed Urug
 17222 | D:13     | Killed Urug
 17325 | D:13     | Received a gift from Nemelex Xobeh
 17897 | D:14     | Reached skill level 14 in Fighting
 18002 | D:14     | Found a shadowy altar of Dithmenos.
 18144 | D:14     | Found a gate to the Vaults.
 18181 | D:14     | Found a shattered altar of Ashenzari.
 18202 | D:14     | Received a gift from Nemelex Xobeh
 18499 | D:15     | Entered Level 15 of the Dungeon
 18520 | D:15     | Reached skill level 15 in Armour
 18544 | D:15     | Reached skill level 15 in Fighting
 18637 | D:15     | Found an opulent altar of Gozag.
 18637 | D:15     | Found an ancient bone altar of Kikubaaqudgha.
 18638 | D:15     | Found a basalt altar of Yredelemnul.
 18726 | D:15     | Found a staircase to the Depths.
 18902 | D:15     | Identified a scroll of acquirement
 19000 | D:15     | Noticed a tengu reaver
 19016 | D:15     | Killed a tengu reaver
 19016 | D:15     | Reached XP level 16. HP: 88/150 MP: 22/22
 19072 | D:15     | Reached skill level 16 in Fighting
 19519 | D:15     | Received a gift from Nemelex Xobeh
 20687 | D:15     | Reached skill level 17 in Fighting
 21186 | Orc:1    | Entered Level 1 of the Orcish Mines
 21195 | Orc:1    | Found a bloodstained altar of Trog.
 21294 | Orc:2    | Entered Level 2 of the Orcish Mines
 21439 | Orc:2    | Received a gift from Nemelex Xobeh
 21452 | Orc:2    | Found a bloodstained altar of Trog.
 21510 | Orc:2    | Found a staircase to the Elven Halls.
 21572 | Orc:2    | Reached skill level 18 in Fighting
 21573 | Orc:2    | Found Rueloak's Gadget Emporium.
 21573 | Orc:2    | Found Wihomir's Antique Armour Shop.
 21580 | Orc:2    | Found Sulot's Food Emporium.
 21580 | Orc:2    | Found Sionan's Antique Weapon Shop.
 21729 | Orc:2    | Bought a spiked cloak for 294 gold pieces
 21739 | Orc:2    | Identified the +1 cloak "Xunwirgh" {rN+} (You bought it in
                  | a shop on level 2 of the Orcish Mines)
 21914 | Orc:1    | Received a gift from Nemelex Xobeh
 22431 | Snake:1  | Entered Level 1 of the Snake Pit
 22431 | Snake:1  | Noticed Asterion
 22438 | Snake:1  | Noticed an Executioner
 23062 | Swamp:1  | Entered Level 1 of the Swamp
 23065 | Swamp:1  | Noticed Kirke
 23173 | Swamp:1  | Killed Kirke
 23256 | Swamp:1  | Reached skill level 19 in Fighting
 23315 | Swamp:1  | Identified Roxanne's Volume of Stones
 23315 | Swamp:1  | Noticed Roxanne
 23335 | Swamp:1  | Killed Roxanne
 24196 | Swamp:1  | Received a gift from Nemelex Xobeh
 24279 | Swamp:1  | Noticed Aizul
 24289 | Swamp:1  | Killed Aizul
 25238 | Swamp:2  | Reached XP level 17. HP: 157/169 MP: 23/23
 25410 | Swamp:3  | Received a gift from Nemelex Xobeh
 25632 | Swamp:3  | Reached skill level 20 in Fighting
 25686 | Swamp:3  | Received a gift from Nemelex Xobeh
 26538 | Swamp:4  | Entered Level 4 of the Swamp
 26939 | Swamp:3  | HP: 7/170 [poisoned by a swamp dragon (poison gas)]
 26944 | Swamp:3  | HP: 3/170 [poisoned by a swamp dragon (poison gas)]
 26950 | Swamp:3  | HP: 2/170 [poisoned by a swamp dragon (poison gas)]
 26955 | Swamp:3  | HP: 2/170 [poisoned by a swamp dragon (poison gas)]
 26962 | Swamp:3  | HP: 2/170 [poisoned by a swamp dragon (poison gas)]
 26970 | Swamp:3  | HP: 3/170 [poisoned by a swamp dragon (poison gas)]
 27464 | Swamp:4  | Received a gift from Nemelex Xobeh
 27485 | Swamp:4  | Noticed a tentacled monstrosity
 27490 | Swamp:4  | Noticed a hellephant
 27490 | Swamp:4  | a tentacled monstrosity changed into a hellephant
 27491 | Swamp:4  | HP: 8/170 [poisoned by a swamp dragon (poison gas)]
 27492 | Swamp:4  | a hellephant changed into a cacodemon
 28235 | Swamp:4  | HP: 3/170 [seven-headed hydra (10)]
 28237 | Swamp:4  | Mangled by a seven-headed hydra

Levels and vault maps discovered:
D:1:      minmay_arrival_statue_studded, layout_loops_cross, st_stairs_10,
          serial_park_tiny_pond
D:2:      layout_basic, old_standard_altar, old_standard_altar, first_ration,
          minmay_ruptured
D:3:      layout_loops_ring, minmay_misc_feat_x, kennysheep_orc_chapel,
          uniq_grinder
D:4:      old_forge, layout_basic, minmay_temple_entry_ruins
D:5:      layout_basic, kennysheep_ying_yang,
          grunt_temple_overflow_magic_moments, bloody_trog, serial_shops,
          nicolae_shop_trees, uniq_duvessa
D:6:      layout_loops_corners, lemuel_round_altar,
          nicolae_overflow_crystal_walls, lemuel_crystal_altar
D:7:      layout_basic, nicolae_ru_path_of_blood
D:8:      layout_gridville
D:9:      layout_basic, grunt_temple_overflow_open, due_lair_maze_entry_diamond,
          minmay_misc_feat_five, hangedman_ranch [blue_anna_fruit_fields]
D:10:     layout_small_grid, kennysheep_orc_monster_closet_entryway,
          uniq_joseph, uniq_maurice
D:11:     layout_roguey, gauntlet_entry_generic
D:12:     layout_irregular_city, basic_altar, serial_shops, shop
D:13:     layout_stronghold, hangedman_abyss_or_decor_stabs, patterned_corridor,
          uniq_urug
D:14:     layout_cave_pools, erik_vaults_2, ashenzari_altar_1,
          grunt_dithmenos_shadows
D:15:     hangedman_slaughterboxes, serial_shops
Lair:1:   layout_cave_pods
Lair:2:   layout_regular_city, minmay_swamp_entry_swarm,
          gammafunk_ghost_cemetery, serial_bayou_lake_a, lemuel_fruit_tree
Lair:3:   layout_roguey, grunt_megastairs_1
Lair:4:   layout_long_grid, minmay_snake_entry_guardpost_small,
          portal_ice_cave_entry_imps, infiniplex_staircase_pool,
          grunt_megastairs_5, lemuel_fruit_fields, minmay_lair_oklob_chamber,
          uniq_nergalle
Lair:5:   layout_regular_city, gammafunk_ghost_ooze, uniq_rupert
Lair:6:   gammafunk_lair_ancient_temple, layout_loops_ring, slime_altar_1,
          special_room [special_room_bee], serial_bayou_shore_b
Swamp:1:  layout_basic_swamp, evilmike_swamp_ruin_house_1, uniq_aizul,
          uniq_kirke, uniq_roxanne
Swamp:2:  layout_basic_swamp, evilmike_swamp_ruin_house_3
Swamp:3:  layout_basic_swamp, evilmike_swamp_ruin_house_4
Swamp:4:  swamp_basic_johnstein, layout_basic_swamp, swamp_pool2,
          nicolae_swamp_hydra_murder_den, infiniplex_staircase_pool_2
Snake:1:  layout_chambers, gammafunk_ghost_cemetery, uniq_josephine,
          uniq_asterion
Orc:1:    layout_diamond_mine, basic_altar, mines5_lemuel
Orc:2:    grunt_orc_tribal_feast, layout_diamond_mine, basic_altar
IceCv:    ice_cave_caverns_02
Gauntlet: minmay_gauntlet_mixed_big_or_small [nicolae_gauntlet_arena_t_cross,
          minmay_gauntlet_arena_77_run_for_it, gammafunk_gauntlet_arena_spirals,
          minmay_gauntlet_arena_77_museum, nicolae_gauntlet_swirl,
          minmay_gauntlet_arena_77_radiant_squares, gauntlet_exit_green]

Skill      XL: |  1  2  3  4  5  6  7  8  9 10 11 12 13 14 15 16 17 |
---------------+----------------------------------------------------+-----
Fighting       | 4 5 6 8 10 13 15 19 20 | 20.0
Armour         | 4 5 6 8 10 13 15 16 17 | 17.9
Polearms       | 3 5 8 |  8.3
Long Blades    | 2 7 11 13 14 16 | 16.0
Shields        | 6 8 10 13 15 | 15.0
Invocations    | 9 10 | 10.0

Action                   |  1- 3 |  4- 6 |  7- 9 | 10-12 | 13-15 | 16-18 || total
-------------------------+-------+-------+-------+-------+-------+-------++-------
Melee: Trident           |   161 |    91 |   136 |    34 |    28 |   103 ||   553
       Headbutt          |    12 |    10 |    49 |    42 |   161 |   155 ||   429
       Double sword      |       |       |   168 |   270 |   821 |   531 ||  1790
       Unarmed           |       |       |       |       |       |     1 ||     1
Invok: Triple Draw       |       |       |       |       |     1 |     1 ||     2
       Deal Four         |       |       |       |       |       |     3 ||     3
 Abil: Draw Destruction  |       |       |     3 |     9 |    12 |     4 ||    28
       Draw Summoning    |       |       |       |     3 |     7 |       ||    10
       Draw Escape       |       |       |       |       |     2 |       ||     2
Evoke: Wand              |       |       |       |     9 |     2 |     2 ||    13
  Use: Scroll            |       |       |    15 |    10 |    10 |    12 ||    47
       Potion            |       |       |       |       |     1 |     4 ||     5
 Stab: Distracted        |       |       |       |     1 |       |       ||     1
       Petrified         |       |       |       |       |     9 |       ||     9
  Eat: Chunk             |     2 |     2 |    13 |    14 |    29 |    17 ||    77
       Ration            |       |       |       |       |       |     4 ||     4
Armor: Plate armour      |   101 |    38 |   146 |   138 |   290 |    82 ||   795
       Ice dragon scales |       |       |       |       |       |   323 ||   323
Dodge: Dodged            |    20 |    10 |    33 |    70 |   157 |   218 ||   508
Block: Shield            |    59 |    34 |   116 |   179 |   525 |   531 ||  1444
       Rpst.: Double sword |       |       |     4 |     8 |    29 |    21 ||    62

Table legend:
 A = Non-vault XP
 B = Vault XP
 C = Vault XP percentage of total XP
 D = Non-vault monster count
 E = Vault monster count
 F = Vault count percentage of total count
                 A         B        C        D         E       F
            +---------+---------+-------+---------+---------+-------
      Total |  138944 |  112333 |  44.7 |     733 |     312 |  29.9
            +---------+---------+-------+---------+---------+-------
        D:1 |      36 |       3 |   7.7 |      19 |       2 |   9.5
        D:2 |      44 |       6 |  12.0 |      11 |       4 |  26.7
        D:3 |     381 |     355 |  48.2 |      30 |       4 |  11.8
        D:4 |     496 |     401 |  44.7 |      33 |      14 |  29.8
        D:5 |     111 |     224 |  66.9 |      12 |       2 |  14.3
        D:6 |    1621 |       0 |   0.0 |      44 |       0 |   0.0
        D:7 |    1323 |       0 |   0.0 |      27 |       0 |   0.0
        D:8 |     908 |       0 |   0.0 |      15 |       0 |   0.0
        D:9 |    1669 |    3684 |  68.8 |      20 |      18 |  47.4
       D:10 |    3513 |    2553 |  42.1 |      31 |      22 |  41.5
       D:11 |    2443 |       0 |   0.0 |       8 |       0 |   0.0
       D:12 |    3581 |       0 |   0.0 |      43 |       0 |   0.0
       D:13 |   13313 |     843 |   6.0 |      47 |       1 |   2.1
       D:14 |   12380 |    8129 |  39.6 |      40 |       9 |  18.4
       D:15 |     256 |   42568 |  99.4 |       1 |      84 |  98.8
     Lair:1 |    3950 |       0 |   0.0 |      15 |       0 |   0.0
     Lair:2 |    7584 |    1067 |  12.3 |      27 |       6 |  18.2
     Lair:3 |    8450 |    1307 |  13.4 |      36 |       5 |  12.2
     Lair:4 |    4647 |    2642 |  36.2 |      16 |      23 |  59.0
     Lair:5 |    2983 |    2760 |  48.1 |      14 |       1 |   6.7
     Lair:6 |   19967 |   12938 |  39.3 |      55 |      44 |  44.4
    Swamp:1 |   11817 |    6600 |  35.8 |      36 |       6 |  14.3
    Swamp:2 |    7691 |       0 |   0.0 |      24 |       0 |   0.0
    Swamp:3 |   12252 |     962 |   7.3 |      26 |       1 |   3.7
    Swamp:4 |   11113 |    8441 |  43.2 |      25 |      13 |  34.2
      Orc:1 |    5202 |    1232 |  19.1 |      57 |      10 |  14.9
      Orc:2 |    1213 |    7237 |  85.6 |      21 |      30 |  58.8
      IceCv |       0 |     525 | 100.0 |       0 |       3 | 100.0
   Gauntlet |       0 |    7856 | 100.0 |       0 |      10 | 100.0
            +---------+---------+-------+---------+---------+-------
